 Dungeon Crawl Stone Soup version 0.31-a0-876-gfe8ebadbca (webtiles) character file.

Game seed: 8119430548623282034

6059 GigaChad the Cleaver (level 11, 11/51 HPs) *EXPLORE*
             Began as a Kobold Fighter on Oct 12, 2023.
             Was an Initiate of Gozag.
             Quit the game on level 2 of the Abyss on Oct 13, 2023.
             The game lasted 00:14:26 (9648 turns).

GigaChad the Cleaver (Kobold Fighter)               Turns: 9648, Time: 00:14:27

Health: 11/51      AC:  8    Str: -3 (18) XL:     11   Next: 11%
Magic:  7/7        EV:  3    Int: -26 (7) God:    Gozag
Gold:   59         SH:  0    Dex: -12 (11)Spells: 10/10 levels left

rFire   . . .        v - +1 war axe (vamp)
rCold   . . .        c - +0 buckler
rNeg    . . .        b - +0 scale mail
rPois   .            o - +2 helmet
rElec   .            (no cloak)
rCorr   .            (no gloves)
SInv    .            (no boots)
Will    .....        (no amulet) Stlth
                     (no ring)
HPRegen 0.00/turn    (no ring)
MPRegen 0.10/turn

%: no passive effects
@: inhibited regen, slowed, lost strength, lost intelligence, lost dexterity,
unable to read, very slow
A: small, no large weapons, nightstalker 3, [clumsy 2], [deformed body],
[deterioration 2], [dopey 1], [frail 2], [low MP 3], ([teleportitis 1]),
[subdued magic 2], [inability to read after injury 2]
a: Renounce Religion, Potion Petition, Call Merchant, Bribe Branch


You were on level 2 of the Abyss.
You worshipped Gozag.
Gozag was noncommittal.
You visited 1 branch of the dungeon, and saw 9 of its levels.
You visited the Abyss 1 time.

You collected 237 gold pieces.
You spent 130 gold pieces at shops.
You paid 48 gold pieces to Gozag.

Inventory:

Hand Weapons
 v - a +1 vampiric war axe (weapon)
Armour
 b - a +0 scale mail (worn)
 c - a +0 buckler (worn)
 o - a +2 helmet (worn)
Jewellery
 m - an amulet of guardian spirit
 t - a ring of willpower
 u - an amulet of reflection
Wands
 l - a wand of digging (9)
 x - a wand of charming (8)
Scrolls
 h - 2 scrolls of blinking {unknown}
 k - 2 scrolls of immolation
 p - a scroll of fear
 r - a scroll of teleportation
 z - a scroll of identify
 A - a scroll of poison {unknown}
Potions
 d - 3 potions of might
 f - 4 potions of invisibility
 g - 3 potions of heal wounds
 i - 3 potions of lignification
 j - a potion of mutation
 q - a potion of haste
 s - 3 potions of curing
 w - 3 potions of enlightenment {unknown}
 B - a potion of attraction {unknown}


   Skills:
 + Level 5.6 Fighting
 * Level 8.1 Axes
 * Level 6.4 Armour
 * Level 6.1 Dodging
 * Level 7.2 Stealth
 * Level 4.8 Shields
 * Level 4.1 Shapeshifting


You had 10 spell levels left.
You didn't know any spells.
Your spell library contained the following spells:

 Spells                   Type           Power      Damage    Failure   Level
 Slow                     Hex            0%         N/A       100%        1
 Sublimation of Blood     Necr           0%         N/A       100%        2
 Confusing Touch          Hex            0%         N/A       100%        3
 Dazzling Flash           Conj/Hex       0%         N/A       100%        3
 Sigil of Binding         Hex            0%         N/A       100%        3
 Tukima's Dance           Hex            0%         N/A       100%        3
 Vampiric Draining        Necr           0%         2d6       100%        3
 Volatile Blastmotes      Fire/Tloc      0%         2d10      100%        3
 Dimensional Bullseye     Hex/Tloc       0%         N/A       100%        4
 Iskenderun's Mystic Bla  Conj/Tloc      0%         2d3       100%        4
 Petrify                  Tmut/Erth      0%         N/A       100%        4
 Agony                    Necr           0%         N/A       100%        5
 Irradiate                Conj/Tmut      0%         3d11      100%        5
 Death Channel            Necr           0%         N/A       100%        6
 Starburst                Conj/Fire      0%         6d3       100%        6
 Maxwell's Capacitive Co  Air            0%         ∞         100%        8


Dungeon Overview and Level Annotations

Branches:
Dungeon (9/15)             Temple (0/1) D:5
   Lair: D:8-11         Orc: D:9-12

Altars:
Elyvilon
Gozag
Hepliaklqana
Nemelex Xobeh
Trog
Uskayaw
Vehumet
Xom
Yredelemnul

Shops:
D:5 (

Annotations:
D:9 Erolcha, Maurice


Innate Abilities, Weirdness & Mutations

You are small and have problems with some larger weapons.
You are completely attuned to the shadows.
[You are very clumsy. (Dex -4)]
[Armour fits poorly on your strangely shaped body.]
[Your body often deteriorates upon taking damage.]
[You are dopey. (Int -2)]
[You are very frail. (-20% HP)]
[Your magical capacity is extremely low. (-30% MP)]
[((You are occasionally teleported next to monsters.))]
[Your spells are easier to cast, but less powerful.]
[You sometimes lose the ability to read scrolls when taking damage.]


Message History

Thought so.
The large abomination hits you!
Your body deteriorates!
You feel clumsy. The small abomination hits you!
The freezing wraith hits you but does no damage. x2
The tentacle slaps you!
* * * LOW HITPOINT WARNING * * *
Your body deteriorates!
You feel clumsy. The tentacle slaps you!
Thought so.
The large abomination hits you but does no damage.
The small abomination hits you!
You closely miss the tentacle.
The tentacle is severely wounded.
You hit the large abomination but do no damage.
You hit the tentacle but do no damage. You hit the small abomination.
You closely miss something. You hit the freezing wraith.
The tentacle slaps you! The tentacle slaps you.
A tentacle segment bursts forth from the water. x3
The freezing wraith hits you!
* * * LOW HITPOINT WARNING * * *
The freezing wraith freezes you!
* * * LOW HITPOINT WARNING * * *
Your body deteriorates!
You feel dopey.
The freezing wraith hits you but does no damage.
The tentacle slaps you but does no damage.
The tentacle slaps you.
Thought so.
The small abomination barely misses you.
The freezing wraith hits you!
Your body deteriorates!
You feel weakened. The freezing wraith freezes you!
Your body deteriorates!
You feel dopey. The freezing wraith hits you!
The freezing wraith drains your vigour!
You feel as though you will be slow longer.
The tentacle slaps you.
The tentacle slaps you but does no damage.
The large abomination hits you!
* * * LOW HITPOINT WARNING * * *
The small abomination hits you but does no damage.
Are you sure you want to abandon this character and quit the game? (Confirm with "yes".)

#. # ##.## .
. .#...
.###. .#.##
#.# #. # .#
#.##...#. #
...#.x5#..
.. ~.xW@wX..
. . 5.
~~~Xw~X#. .#
. .
~~~~≈~.#...
.#
~~~~≈≈....#.
.. ~~Xw≈≈.##
##


You could see a kraken, a thrashing horror, 2 large abominations, 3 tentacles, a
freezing wraith, 2 small abominations and an ufetubus.

Vanquished Creatures
  A wretched star (Abyss:2)
  Pikel (D:4)
  A will-o-the-wisp (Abyss:2)
  A large abomination (Abyss:2)
  Sigmund (D:6)
  6 spriggans (D:8)
  2 steam dragons (D:8)
  A wyvern (D:8)
  2 small abominations (Abyss:2)
  3 water moccasins
  A black bear (D:5)
  A sky beast (D:8)
  2 ogres (D:6)
  A centaur (D:8)
  4 lemures (D:4)
  5 kobold brigands
  A bullfrog (D:7)
  4 scorpions
  9 wights (D:8)
  A killer bee (D:8)
  A howler monkey (D:8)
  A bullfrog zombie (D:5)
  4 hounds
  3 jellies
  3 orc priests
  2 gnoll boudas
  Natasha (thrice) (D:2)
  2 iguanas (D:5)
  A sleepcap (D:5)
  Terence (D:3)
  3 orc wizards
  A hound zombie (D:5)
  9 adders
  8 gnolls
  A river rat (D:3)
  A shadow imp (D:5)
  A white imp (D:8)
  2 ufetubi
  2 worms
  4 dart slugs
  22 orcs
  7 ball pythons
  8 bats
  7 endoplasms
  3 giant cockroaches
  5 goblins
  6 hobgoblins
  2 jackals (D:1)
  29 kobolds
  3 quokkas
  6 frilled lizards
  4 rats
203 creatures vanquished.

Vanquished Creatures (others)
  A kobold (D:8)
  24 foxfires (Abyss:2)
  A tentacle (Abyss:2)
26 creatures vanquished.

Grand Total: 229 creatures vanquished

Notes
Turn   | Place    | Note
-------+----------+-------------------------------------------
     0 | D:1      | GigaChad the Kobold Fighter began the quest for the Orb.
     0 | D:1      | Reached XP level 1. HP: 14/14 MP: 1/1
    80 | D:1      | Entered explore mode.
   110 | D:1      | Got a droning book
   127 | D:1      | Reached XP level 2. HP: 15/19 MP: 2/2
   371 | D:1      | Reached skill level 1 in Stealth
   371 | D:1      | Reached XP level 3. HP: 12/23 MP: 3/3
   473 | D:1      | Reached skill level 2 in Axes
  1042 | D:2      | Noticed Natasha
  1054 | D:2      | Killed Natasha
  1055 | D:2      | Reached skill level 1 in Dodging
  1055 | D:2      | Reached XP level 4. HP: 17/28 MP: 4/4
  1421 | D:2      | Noticed Natasha
  1427 | D:2      | Killed Natasha
  1428 | D:2      | Reached XP level 5. HP: 30/32 MP: 5/5
  2040 | D:2      | Noticed Natasha
  2045 | D:2      | Killed Natasha
  2189 | D:3      | Found a hide-covered altar of Uskayaw.
  2193 | D:3      | Found a white marble altar of Elyvilon.
  2212 | D:3      | Found an opulent altar of Gozag.
  2218 | D:3      | Found a shimmering altar of Xom.
  2232 | D:3      | Found a radiant altar of Vehumet.
  2254 | D:3      | Became a worshipper of Gozag Ym Sagoz the Greedy
  2356 | D:3      | Identified the +2 whip of the Crypt {flame, Drain rCorr
                  | Int+3 Stlth+}
  2964 | D:3      | Noticed Terence
  2974 | D:3      | Killed Terence
  2975 | D:3      | Reached skill level 3 in Axes
  3355 | D:3      | Reached XP level 6. HP: 14/38 MP: 6/6
  3397 | D:3      | Upgraded the game from 0.31-a0-875-g02e7d12df6 to
                  | 0.31-a0-876-gfe8ebadbca
  3966 | D:4      | Noticed Pikel
  3971 | D:4      | Slain by a lemure (8 damage)
                  | ... led by Pikel
  3974 | D:4      | Slain by a lemure (3 damage)
                  | ... led by Pikel
  3979 | D:4      | Mangled by Pikel
                  | ... wielding a +0 whip of electrocution
                  | (12 damage)
  3981 | D:4      | Slain by Pikel
                  | ... wielding a +0 whip of electrocution
                  | (11 damage)
  3985 | D:4      | HP: 1/38 [lemure[Pikel] (2)]
  3985 | D:4      | Slain by Pikel
                  | ... wielding a +0 whip of electrocution
                  | (2 damage)
  3988 | D:4      | Slain by a lemure (6 damage)
                  | ... led by Pikel
  3993 | D:4      | Slain by a lemure (3 damage)
                  | ... led by Pikel
  3997 | D:4      | HP: 1/38 [Pikel/+0 whip of electrocution (9)]
  3999 | D:4      | Slain by Pikel
                  | ... wielding a +0 whip of electrocution
                  | (3 damage)
  4005 | D:4      | Killed Pikel
  4006 | D:4      | Reached skill level 4 in Axes
  4006 | D:4      | Reached skill level 1 in Shapeshifting
  4006 | D:4      | Reached XP level 7. HP: 13/43 MP: 7/7
  4006 | D:4      | Reached XP level 8. HP: 14/48 MP: 8/8
  4552 | D:5      | Entered Level 5 of the Dungeon
  4643 | D:5      | HP: 2/48 [something (1)]
  4646 | D:5      | Killed from afar by an orc wizard (4 damage)
                  | ... with a puff of flame
  4670 | D:5      | Found a staircase to the Ecumenical Temple.
  4713 | D:5      | Found a hazy altar of Hepliaklqana.
  4868 | D:5      | Found a sparkling altar of Nemelex Xobeh.
  5101 | D:5      | Found Qasaemor's Antique Weapon Emporium.
  5104 | D:5      | Bought a runed war axe for 130 gold pieces
  5190 | D:5      | Slain by a gnoll
                  | ... wielding a +0 halberd
                  | ... led by a gnoll bouda
                  | (5 damage)
  5413 | D:5      | Reached skill level 5 in Axes
  5447 | D:5      | Found a basalt altar of Yredelemnul.
  5626 | D:6      | HP: 1/48 [orc/+0 trident (6)]
  5627 | D:6      | Slain by an orc
                  | ... wielding a +0 trident
                  | (3 damage)
  5647 | D:6      | Reached XP level 9. HP: 24/52 MP: 9/9
  5994 | D:6      | Noticed Sigmund
  6004 | D:6      | Killed Sigmund
  6011 | D:6      | Reached skill level 5 in Stealth
  6104 | D:6      | Reached skill level 6 in Axes
  7405 | D:8      | Slain by a wight
                  | ... wielding a +8 hand axe
                  | (9 damage)
  7410 | D:8      | Slain by a wight
                  | ... wielding a +0 scimitar
                  | (7 damage)
  7414 | D:8      | Slain by a wight
                  | ... wielding a +2 halberd
                  | (8 damage)
  7415 | D:8      | Reached skill level 5 in Armour
  7419 | D:8      | Slain by a wight
                  | ... wielding a +2 halberd
                  | (9 damage)
  7437 | D:8      | Slain by a wight
                  | ... wielding a +2 halberd
                  | (11 damage)
  7476 | D:8      | Asphyxiated
  7478 | D:8      | Killed from afar by a steam dragon (14 damage)
                  | ... with a ball of steam
  7485 | D:8      | HP: 1/34 [kobold/+0 short sword (1)]
  7487 | D:8      | Reached XP level 10. HP: 3/43 MP: 10/10
  7812 | D:8      | Found a bloodstained altar of Trog.
  7936 | D:8      | Reached skill level 7 in Axes
  7936 | D:8      | Reached skill level 5 in Dodging
  7938 | D:8      | HP: 1/52 [spriggan/+0 rapier (3)]
  7939 | D:8      | Slain by a spriggan
                  | ... wielding a +0 rapier
                  | (8 damage)
  7960 | D:8      | Reached skill level 5 in Fighting
  8151 | D:8      | HP: 2/59 [poisoned by a spriggan]
  8152 | D:8      | Succumbed to a spriggan's poison
  8268 | D:8      | HP: 2/59 [spriggan/+0 short sword (8)]
  8269 | D:8      | Slain by a spriggan
                  | ... wielding a +0 short sword
                  | (8 damage)
  9310 | D:9      | Noticed Maurice
  9313 | D:9      | Maurice stole a ring of flight
  9318 | D:9      | Something stole a talisman of death
  9319 | D:9      | Something stole a +0 war axe
  9320 | D:9      | Something stole a throwing net
  9324 | D:9      | Something stole 568 gold
  9339 | D:9      | HP: 1/49 [something (5)]
  9339 | D:9      | Something stole 680 gold
  9339 | D:9      | Slain by Maurice
                  | ... wielding a +1 dagger of draining
                  | (1 damage)
  9348 | D:9      | Noticed Erolcha
  9351 | Abyss:2  | Cast into level 2 of the Abyss (Erolcha)
  9361 | Abyss:2  | Noticed a wretched star
  9375 | Abyss:2  | Noticed a kraken
  9394 | Abyss:2  | Noticed a will-o-the-wisp
  9404 | Abyss:2  | Killed from afar by a will-o-the-wisp (29 damage)
                  | ... with a foxfire
  9405 | Abyss:2  | Killed from afar by a will-o-the-wisp (21 damage)
                  | ... with a foxfire
  9410 | Abyss:2  | Killed from afar by a wretched star (20 damage)
                  | ... with a lance of force
  9414 | Abyss:2  | Killed from afar by a will-o-the-wisp (18 damage)
                  | ... with a foxfire
  9418 | Abyss:2  | Killed from afar by a will-o-the-wisp (23 damage)
                  | ... with a foxfire
  9420 | Abyss:2  | Killed from afar by a will-o-the-wisp (31 damage)
                  | ... with a foxfire
  9423 | Abyss:2  | Killed from afar by a wretched star (14 damage)
                  | ... with a lance of force
  9425 | Abyss:2  | Collided with a rock wall (13 damage)
                  | ... caused by a wretched star
  9432 | Abyss:2  | Killed from afar by a will-o-the-wisp (27 damage)
                  | ... with a foxfire
  9433 | Abyss:2  | Killed from afar by a wretched star (15 damage)
                  | ... with a lance of force
  9435 | Abyss:2  | Slain by a will-o-the-wisp (10 damage)
  9436 | Abyss:2  | Killed from afar by a wretched star (34 damage)
                  | ... with a lance of force
  9439 | Abyss:2  | Collided with a stone wall (16 damage)
                  | ... caused by a wretched star
  9440 | Abyss:2  | HP: 2/45 [wretched star/lance of force (15)]
  9440 | Abyss:2  | Collided with a stone wall (14 damage)
                  | ... caused by a wretched star
  9443 | Abyss:2  | Annihilated by a large abomination (28 damage)
  9446 | Abyss:2  | Killed from afar by a wretched star (23 damage)
                  | ... with a lance of force
  9447 | Abyss:2  | Mangled by a large abomination (31 damage)
  9449 | Abyss:2  | Collided with a stone wall (11 damage)
                  | ... caused by a wretched star
  9451 | Abyss:2  | HP: 1/45 [large abomination (5)]
  9454 | Abyss:2  | Killed from afar by a wretched star (26 damage)
                  | ... with a lance of force
  9456 | Abyss:2  | Slain by a large abomination (12 damage)
  9457 | Abyss:2  | Slain by a large abomination (27 damage)
  9462 | Abyss:2  | Annihilated by a large abomination (32 damage)
  9464 | Abyss:2  | Slain by a large abomination (33 damage)
  9466 | Abyss:2  | Killed a wretched star
  9470 | Abyss:2  | Annihilated by a large abomination (27 damage)
  9472 | Abyss:2  | Demolished by a large abomination (34 damage)
  9477 | Abyss:2  | Killed from afar by a will-o-the-wisp (19 damage)
                  | ... with a foxfire
  9479 | Abyss:2  | Demolished by a large abomination (25 damage)
  9481 | Abyss:2  | Reached skill level 8 in Axes
  9481 | Abyss:2  | Reached XP level 11. HP: 51/51 MP: 7/7
  9487 | Abyss:2  | Killed from afar by a will-o-the-wisp (15 damage)
                  | ... with a foxfire
  9491 | Abyss:2  | HP: 1/51 [will-o-the-wisp/foxfire (13)]
  9492 | Abyss:2  | Mangled by a will-o-the-wisp (13 damage)
  9494 | Abyss:2  | Killed a will-o-the-wisp
  9535 | Abyss:2  | Slain by a small abomination (5 damage)
  9567 | Abyss:2  | Slain by a small abomination (14 damage)
  9572 | Abyss:2  | Lost intelligence.
  9576 | Abyss:2  | Slain by a small abomination (19 damage)
  9610 | Abyss:2  | Slain by a freezing wraith (4 damage)
  9612 | Abyss:2  | Lost intelligence.
  9612 | Abyss:2  | Slain by a freezing wraith (5 damage)
                  | ... while paralysed
  9614 | Abyss:2  | HP: 1/51 [freezing wraith (6)]
  9616 | Abyss:2  | Mangled by a freezing wraith (13 damage)
  9617 | Abyss:2  | Slain by a freezing wraith (22 damage)
  9620 | Abyss:2  | HP: 1/51 [freezing wraith (12)]
  9620 | Abyss:2  | Demolished by a freezing wraith (18 damage)
  9623 | Abyss:2  | Annihilated by a large abomination (27 damage)
  9625 | Abyss:2  | Mangled by a large abomination (20 damage)
  9627 | Abyss:2  | Mangled by a tentacle (18 damage)
                  | ... attached to a kraken
  9627 | Abyss:2  | Slain by a tentacle (9 damage)
                  | ... attached to a kraken
  9628 | Abyss:2  | Slain by a tentacle (16 damage)
                  | ... attached to a kraken
  9628 | Abyss:2  | Mangled by a large abomination (25 damage)
  9629 | Abyss:2  | Noticed a thrashing horror
  9629 | Abyss:2  | Mangled by a freezing wraith (23 damage)
  9630 | Abyss:2  | Slain by a tentacle (16 damage)
                  | ... attached to a kraken
  9630 | Abyss:2  | Demolished by a large abomination (35 damage)
  9631 | Abyss:2  | HP: 1/51 [freezing wraith (3)]
  9631 | Abyss:2  | Demolished by a tentacle (19 damage)
                  | ... attached to a kraken
  9632 | Abyss:2  | Demolished by a freezing wraith (21 damage)
  9632 | Abyss:2  | Mangled by a large abomination (30 damage)
  9632 | Abyss:2  | Mangled by a tentacle (17 damage)
                  | ... attached to a kraken
  9633 | Abyss:2  | Slain by a freezing wraith (8 damage)
  9634 | Abyss:2  | Mangled by a tentacle (13 damage)
                  | ... attached to a kraken
  9634 | Abyss:2  | Lost dexterity.
  9635 | Abyss:2  | Mangled by a tentacle (22 damage)
                  | ... attached to a kraken
                  | ... while paralysed
  9635 | Abyss:2  | Demolished by a freezing wraith (21 damage)
                  | ... while paralysed
  9636 | Abyss:2  | HP: 2/51 [freezing wraith (2)]
  9637 | Abyss:2  | Demolished by a tentacle (24 damage)
                  | ... attached to a kraken
  9637 | Abyss:2  | Mangled by a tentacle (16 damage)
                  | ... attached to a kraken
  9638 | Abyss:2  | Mangled by a tentacle (15 damage)
                  | ... attached to a kraken
  9638 | Abyss:2  | Slain by a freezing wraith (10 damage)
  9639 | Abyss:2  | Slain by a tentacle (9 damage)
                  | ... attached to a kraken
  9639 | Abyss:2  | Mangled by a freezing wraith (13 damage)
  9640 | Abyss:2  | Mangled by a tentacle (19 damage)
                  | ... attached to a kraken
  9640 | Abyss:2  | Slain by a freezing wraith (3 damage)
  9640 | Abyss:2  | Slain by a tentacle (24 damage)
                  | ... attached to a kraken
  9641 | Abyss:2  | Mangled by a freezing wraith (10 damage)
  9641 | Abyss:2  | Lost strength.
  9641 | Abyss:2  | Slain by a freezing wraith (19 damage)
                  | ... while paralysed
  9642 | Abyss:2  | Slain by a small abomination (14 damage)
                  | ... while paralysed
  9643 | Abyss:2  | Mangled by a large abomination (18 damage)
                  | ... while paralysed
  9644 | Abyss:2  | Mangled by a tentacle (17 damage)
                  | ... attached to a kraken
  9644 | Abyss:2  | Mangled by a large abomination (26 damage)
  9645 | Abyss:2  | Mangled by a large abomination (15 damage)
  9645 | Abyss:2  | Demolished by a large abomination (34 damage)
  9646 | Abyss:2  | Mangled by a tentacle (18 damage)
                  | ... attached to a kraken
  9646 | Abyss:2  | Noticed a large abomination
  9646 | Abyss:2  | Slain by a tentacle (15 damage)
                  | ... attached to a kraken
  9646 | Abyss:2  | Mangled by a tentacle (17 damage)
                  | ... attached to a kraken
  9647 | Abyss:2  | Slain by a tentacle (5 damage)
                  | ... attached to a kraken
  9648 | Abyss:2  | Quit the game

Illustrated notes

Levels and vault maps discovered:
D:1:      onia_arrival_mini_maze_b, layout_rooms, grunt_decor_fettered,
          minmay_misc_feat_four_crosses, minmay_close_crescents
D:2:      layout_basic, uniq_natasha
D:3:      layout_loops_corners, minmay_overflow_temple_star_hex,
          portal_sewer_entry_e, reono_crystal_passage, uniq_terence
D:4:      layout_loops_ring, uniq_pikel
D:5:      layout_basic, nemelex_spade_bored_becter,
          lemuel_zombie_altar_yredelemnul, mainiacjoe_overflow_24_doors,
          temple_fountains, serial_shops, nicolae_shop_real_fake_doors,
          hangedman_abyss_or_decor_lesser_grid
D:6:      layout_basic, uniq_sigmund
D:7:      layout_loops_ring
D:8:      kb_forest_paths, layout_basic, bloody_trog, minmay_misc_feat_chi,
          dk_vineyard_2, minivault_19
D:9:      layout_rooms, erik_lair_orcish_takeover, enter_bailey_5,
          minmay_misc_feat_roman, mrwooster_statue_mirror, uniq_maurice,
          uniq_erolcha
Abyss:2:  base: D:4, evilmike_abyss_exit_kraken, evilmike_abyss_exit_kraken,
          hangedman_shadowy_showcase

Skill      XL: |  1  2  3  4  5  6  7  8  9 10 11 |
---------------+----------------------------------+-----
Stealth        | 1 2 3 4 5 7 |  7.2
Axes           | 2 3 4 5 6 8 |  8.1
Dodging        | 1 2 3 4 5 6 |  6.1
Armour         | 3 4 5 6 |  6.4
Shields        | 3 4 |  4.8
Fighting       | 4 5 |  5.6
Shapeshifting  | 1 2 3 4 |  4.1

Action                     |  1- 3 |  4- 6 |  7- 9 | 10-12 || total
---------------------------+-------+-------+-------+-------++-------
  Melee: War axe           |    85 |   185 |   305 |   292 ||   867
    Use: Scroll            |     1 |       |    12 |       ||    13
   Stab: Sleeping          |     1 |     3 |    13 |     4 ||    21
 Armour: Scale mail        |    53 |   183 |   327 |   528 ||  1091
  Dodge: Dodged            |    58 |   145 |   259 |   180 ||   642
  Block: Buckler           |    24 |    72 |   115 |    57 ||   268

Table legend: (Time is in decaauts)
 A = Elapsed time spent in this place.
 B = Non-inter-level travel time spent in this place.
 C = Inter-level travel time spent in this place.
 D = Time resting spent in this place.
 E = Time spent auto-exploring this place.
 F = Levels seen in this place.
 G = Mean time per level.
                   A        B        C        D        E       F      G
               +--------+--------+--------+--------+--------+-----+--------+
         Total |   9939 |   9709 |    230 |      0 |   7563 |  10 |  993.9 |
       Dungeon |   9593 |   9363 |    230 |      0 |   7563 |   9 | 1065.9 |
         Abyss |    346 |    346 |      0 |      0 |      0 |   1 |  346.0 |
               +--------+--------+--------+--------+--------+-----+--------+

Top non-repeatable levels by time:
     D:8: 1980 daAuts
     D:3: 1343 daAuts
     D:2: 1300 daAuts
     D:4: 1116 daAuts
     D:5: 1072 daAuts
     D:6: 1034 daAuts
     D:1: 918 daAuts
     D:7: 784 daAuts
 Abyss:2: 346 daAuts
     D:9: 43 daAuts
